 Dungeon Crawl Stone Soup version 0.31.0-32-g396128a36d (webtiles) character file.

Game seed: 4314381542394708076

24152 Silvore the Bludgeoner (level 12, -1/110 HPs)
             Began as a Minotaur Fighter on Apr 3, 2024.
             Was a Priest of the Shining One.
             Slain by a manticore (2 damage)
             ... on level 13 of the Dungeon on Apr 4, 2024.
             The game lasted 00:14:12 (11838 turns).

Silvore the Bludgeoner (Minotaur Fighter)          Turns: 11838, Time: 00:14:13

Health: -1/110     AC: 14    Str: 25    XL:     12   Next: 78%
Magic:  11/11      EV: 14    Int:  5    God:    the Shining One [***...]
Gold:   171        SH: 13    Dex: 14    Spells: 11/11 levels left

rFire   . . .        n - +6 shillelagh "Devastator" {shatter}
rCold   . . .        h - +1 kite shield
rNeg    + + .        a - +1 acid dragon scales "Uhod" {rCorr Dex+3}
rPois   .            (helmet restricted)
rElec   .            f - +0 cloak
rCorr   +            w - +0 pair of gloves
SInv    .            i - +0 pair of boots
Will    .....        (no amulet)
Stlth   +            c - ring of flight
HPRegen 0.38/turn    t - ring of positive energy
MPRegen 0.12/turn

%: no passive effects
@: mighty, flying, glowing
A: horns 2, retaliatory headbutt
a: Renounce Religion, Divine Shield, Cleansing Flame


You were on level 13 of the Dungeon.
You worshipped the Shining One.
The Shining One was most pleased with you.
You visited 2 branches of the dungeon, and saw 14 of its levels.

You collected 666 gold pieces.
You spent 306 gold pieces at shops.
You donated 189 gold pieces to Zin.

Inventory:

Hand Weapons
 l - a +5 morningstar
 n - the +6 shillelagh "Devastator" (weapon) {shatter}
   (You found it on level 8 of the Dungeon)
 q - the +8 sling "Laxt" {freeze, rN+ MP+9 Str+3 Int-4}
   (You found it on level 5 of the Dungeon)

   Str+3:     It affects your strength (+3).
   Int-4:     It affects your intelligence (-4).
   rN+:       It protects you from negative energy.
   MP+9:      It affects your magic capacity (+9).
 J - a +1 demon trident of electrocution
 M - the +8 longbow "Zephyr" {speed, Dex+3 SInv}
   (You found it on level 13 of the Dungeon)

   Dex+3:     It affects your dexterity (+3).
   SInv:      It lets you see invisible.
Missiles
 v - 2 throwing nets (quivered)
Armour
 a - the +1 acid dragon scales "Uhod" (worn) {rCorr Dex+3}
   (You found it on level 8 of the Dungeon)

   Dex+3:     It affects your dexterity (+3).
   rCorr:     It protects you from acid and corrosion.
 f - a +0 cloak (worn)
 h - a +1 kite shield (worn)
 i - a +0 pair of boots (worn)
 w - a +0 pair of gloves (worn)
Jewellery
 c - a ring of flight (left hand)
 o - an amulet of magic regeneration
 t - a ring of positive energy (right hand)
 y - a ring of willpower
 z - a ring of resist corrosion
Wands
 x - a wand of flame (14)
 D - a wand of paralysis (15)
 F - a wand of polymorph (7)
 I - a wand of roots (7)
Scrolls
 e - 3 scrolls of vulnerability
 r - 3 scrolls of revelation
 u - 2 scrolls of amnesia
 E - a scroll of immolation
 H - 7 scrolls of teleportation
 K - 2 scrolls of fog
 L - a scroll of enchant weapon {unknown}
Potions
 b - 2 potions of invisibility
 d - a potion of attraction
 g - 2 potions of mutation
 j - 4 potions of degeneration
 k - 3 potions of resistance
 m - a potion of enlightenment {unknown}
 p - a potion of cancellation {unknown}
 A - a potion of lignification {unknown}
 B - 4 potions of haste
 C - 4 potions of curing
Miscellaneous
 G - a condenser vane


   Skills:
 + Level 11.5 Fighting
 + Level 15.0 Maces & Flails
 + Level 10.6 Armour
 + Level 6.9 Dodging
 + Level 3.2 Stealth
 + Level 13.1 Shields


You had 11 spell levels left.
You didn't know any spells.
Your spell library contained the following spells:

 Spells                   Type           Power      Damage    Failure   Level
 Static Discharge         Conj/Air       0%         3-3/arc   83%         2
 Sublimation of Blood     Necr           0%         N/A       83%         2
 Frozen Ramparts          Ice            0%         1d1       96%         3
 Airstrike                Air            0%         2d(0-16)  100%        4
 Leda's Liquefaction      Alch/Erth      0%         N/A       100%        4
 Passage of Golubria      Tloc           0%         N/A       100%        4
 Petrify                  Alch/Erth      0%         N/A       100%        4
 Summon Lightning Spire   Summ/Air       0%         N/A       100%        4
 Irradiate                Conj/Alch      0%         3d11      100%        5
 Metabolic Englaciation   Hex/Ice        0%         N/A       100%        5
 Silence                  Hex/Air        0%         N/A       100%        5
 Lehudib's Crystal Spear  Conj/Erth      0%         10d2      100%        8


Dungeon Overview and Level Annotations

Branches:
Dungeon (13/15)            Temple (1/1) D:5            Lair (0/5) D:11
    Orc (0/2) D:10         Vaults (0/5) D:13

Altars:
Ashenzari
Cheibriados
Dithmenos
Elyvilon
Fedhas
Gozag
Hepliaklqana
Kikubaaqudgha
Makhleb
Nemelex Xobeh
Okawaru
Qazlal
Ru
Sif Muna
Trog
Uskayaw
Vehumet
Wu Jian
Xom
Yredelemnul
Zin
The Shining One

Shops:
D:12 ?

Portals:
Trove: D:10 (give 14 scrolls of teleportation)

Annotations:
Temple 2 transporters


Innate Abilities, Weirdness & Mutations

You have a pair of horns on your head.
You reflexively headbutt those who attack you in melee.


Message History

The tengu warrior is severely wounded.
Your headbutt misses the tengu warrior.
The tengu warrior is severely wounded.
You block the tengu warrior's attack. x3
The manticore bites you but does no damage.
The manticore misses you. The manticore barely misses you.
You hit the tengu warrior but do no damage.
The tengu warrior is severely wounded.
Unknown command.
You hit the tengu warrior.
The tengu warrior shudders.
Your headbutt misses the tengu warrior.
The tengu warrior is severely wounded.
You block the manticore's attack. The manticore misses you.
The manticore closely misses you.
The tengu warrior hits you with a +2 battleaxe!
The tengu warrior pecks you but does no damage.
You block the tengu warrior's attack.
You hit the tengu warrior.
The tengu warrior shudders.
Your headbutt misses the tengu warrior.
The tengu warrior is almost dead.
The manticore bites you!
* * * LOW HITPOINT WARNING * * *
The manticore closely misses you. You block the manticore's attack.
You block the tengu warrior's attack. x2; The tengu warrior claws you.
* * * LOW HITPOINT WARNING * * *
You feel very mighty all of a sudden. The manticore bites you!!
* * * LOW HITPOINT WARNING * * *
You block the manticore's attack. The manticore claws you.
* * * LOW HITPOINT WARNING * * *
You block the tengu warrior's attack. x2; The tengu warrior closely misses you.
Unknown command.
You thump the tengu warrior!
The tengu warrior shudders.
The tengu warrior is almost dead.
Unknown command.
You bludgeon the tengu warrior!!
You kill the tengu warrior!
The manticore completely misses you. You furiously retaliate!
You headbutt the manticore! The manticore claws you.
You die...

#.# ##########.#
#.......##.#
#.......##.#
###.......##.#####
#........)........
#.#.......##.####.
#.#..........#
#@#..........#
.....cH[)......~.....
#.....#.#......~...##
#.....#.#.....~~≈~.#
#.... #.#.....~~≈~.#
#.... #.# ....≈ ####
#.# .!.~ #.# ....


You could see a centaur warrior and a manticore.

Vanquished Creatures
  Kirke (D:12)
  Harold (D:10)
  A vault guard (D:13)
  5 two-headed ogres
  A tengu warrior (D:13)
  Urug (D:11)
  3 ugly things
  Pikel (D:4)
  3 cyclopes
  3 manticores (D:13)
  An elephant (D:11)
  Joseph (D:10)
  A gargoyle (D:8)
  2 unseen horrors
  A tengu conjurer (D:13)
  A kobold demonologist (D:11)
  2 komodo dragons
  2 trolls
  9 slime creatures
  23 yaks
  A spriggan (shapeshifter) (D:13)
  2 wraiths (D:12)
  4 hogs (D:12)
  Edmund (D:4)
  The ghost of Seabass1289 the Digger, an amateur GrEE (D:3)
  3 acid dragons
  2 water moccasins
  6 orc warriors
  6 black bears
  An ice beast (D:6)
  A sky beast (D:6)
  An ogre (D:7)
  4 centaurs
  3 phantoms
  5 kobold brigands
  4 bullfrogs
  A scorpion (D:4)
  Blork the orc (D:7)
  A gnoll sergeant (D:8)
  14 wights
  15 killer bees
  5 howler monkeys
  A bombardier beetle (D:6)
  3 hounds
  2 jellies
  3 orc priests
  A sleepcap (D:6)
  3 iguanas
  12 orc wizards
  4 gnolls (D:8)
  12 adders
  A shadow imp (D:6)
  A white imp (D:8)
  4 dart slugs
  35 orcs
  8 ball pythons
  4 endoplasms
  6 giant cockroaches
  7 goblins
  9 hobgoblins
  2 jackals (D:4)
  32 kobolds
  5 quokkas
  5 bats
  8 frilled lizards
  4 rats
317 creatures vanquished.

Notes
Turn   | Place    | Note
-------+----------+-------------------------------------------
     0 | D:1      | Silvore the Minotaur Fighter began the quest for the Orb.
     0 | D:1      | Reached XP level 1. HP: 19/19 MP: 0/0
    54 | D:1      | Reached XP level 2. HP: 27/27 MP: 1/1
   385 | D:1      | Reached XP level 3. HP: 28/33 MP: 2/2
   951 | D:2      | Found a blossoming altar of Fedhas.
  1164 | D:2      | Reached skill level 3 in Maces & Flails
  1172 | D:2      | Reached XP level 4. HP: 39/41 MP: 3/3
  1759 | D:3      | Found a runed translucent gate.
  1759 | D:3      | Found a runed translucent gate.
  1760 | D:3      | Noticed Seabass1289's ghost (amateur GrEE)
  1762 | D:3      | Noticed a kobold brigand
  1764 | D:3      | Found a runed translucent gate.
  1988 | D:3      | Reached XP level 5. HP: 40/47 MP: 4/4
  2116 | D:3      | Reached skill level 4 in Maces & Flails
  2342 | D:3      | Killed Seabass1289's ghost
  2343 | D:3      | Reached skill level 5 in Fighting
  2343 | D:3      | Reached skill level 5 in Armour
  2354 | D:3      | Reached skill level 5 in Maces & Flails
  2354 | D:3      | Reached XP level 6. HP: 25/54 MP: 5/5
  2607 | D:4      | Noticed Edmund
  2624 | D:4      | Killed Edmund
  2625 | D:4      | Reached skill level 1 in Dodging
  3028 | D:4      | Reached XP level 7. HP: 27/61 MP: 6/6
  3183 | D:4      | Noticed Pikel
  3196 | D:4      | Killed Pikel
  3197 | D:4      | Reached skill level 6 in Maces & Flails
  3197 | D:4      | Reached skill level 5 in Shields
  3363 | D:4      | Reached XP level 8. HP: 61/70 MP: 7/7
  3443 | D:4      | Reached skill level 7 in Maces & Flails
  3716 | D:5      | Entered Level 5 of the Dungeon
  3716 | D:5      | Found a staircase to the Ecumenical Temple.
  3741 | D:5      | Identified the +8 sling "Laxt" {freeze, rN+ MP+9 Str+3
                  | Int-4}
  3750 | Temple   | Found a transporter.
  3750 | Temple   | Found a transporter.
  3750 | Temple   | Found a transporter.
  3750 | Temple   | Found a transporter.
  3750 | Temple   | Entered the Ecumenical Temple
  3766 | Temple   | Became a worshipper of Zin the Law-Giver
  3766 | Temple   | Reached * piety under Zin
  3975 | D:5      | Reached ** piety under Zin
  5041 | D:6      | Reached skill level 8 in Maces & Flails
  5353 | D:6      | Reached XP level 9. HP: 78/78 MP: 8/8
  5455 | D:6      | Found a glowing golden altar of the Shining One.
  5517 | D:6      | Reached skill level 9 in Maces & Flails
  5526 | D:6      | Donated 149 gold pieces to Zin
  6027 | D:7      | Reached *** piety under Zin
  6211 | D:7      | Noticed Blork the orc
  6238 | D:7      | Killed Blork the orc
  6389 | D:7      | Reached skill level 10 in Maces & Flails
  6432 | D:7      | Reached XP level 10. HP: 25/88 MP: 9/9
  7110 | D:6      | Fell from the grace of Zin
  7110 | D:6      | Became a worshipper of the Shining One
  7110 | D:6      | Reached * piety under the Shining One
  7158 | D:8      | Identified the +1 acid dragon scales "Uhod" {rCorr Dex+3}
  7278 | D:8      | Noticed a two-headed ogre
  7282 | D:8      | Noticed a gargoyle
  7285 | D:8      | Killed a two-headed ogre
  7286 | D:8      | Reached skill level 11 in Maces & Flails
  7291 | D:8      | Killed a gargoyle
  7384 | D:8      | Noticed a two-headed ogre
  7384 | D:8      | Reached ** piety under the Shining One
  7384 | D:8      | Found the +6 shillelagh "Devastator" {shatter}
  7391 | D:8      | Killed a two-headed ogre
  7392 | D:8      | Reached skill level 1 in Stealth
  7653 | D:8      | Identified the +0 leather armour of Negation {rF+}
  7683 | D:8      | Reached skill level 12 in Maces & Flails
  8361 | D:9      | Reached XP level 11. HP: 85/95 MP: 10/10
  8592 | D:10     | Entered Level 10 of the Dungeon
  8607 | D:10     | Found a staircase to the Orcish Mines.
  8624 | D:10     | Found a portal to a secret trove of treasure.
  8665 | D:10     | Reached skill level 10 in Shields
  8801 | D:10     | Noticed Joseph
  8813 | D:10     | Killed Joseph
  9169 | D:10     | Found an ornate altar of the Wu Jian Council.
  9176 | D:10     | Noticed Harold
  9182 | D:10     | Killed Harold
  9183 | D:10     | Reached skill level 13 in Maces & Flails
  9581 | D:10     | Reached skill level 5 in Dodging
  9728 | D:10     | Found a radiant altar of Vehumet.
  9735 | D:10     | Found a shimmering altar of Xom.
  9740 | D:10     | Found an ancient bone altar of Kikubaaqudgha.
  9749 | D:10     | Found a blossoming altar of Fedhas.
  9756 | D:10     | Found a basalt altar of Yredelemnul.
  9762 | D:10     | Found an opulent altar of Gozag.
  9769 | D:10     | Found a hazy altar of Hepliaklqana.
 10050 | D:11     | Reached skill level 10 in Armour
 10052 | D:11     | Noticed a soul eater
 10208 | D:11     | Noticed Urug
 10217 | D:11     | Killed Urug
 10382 | D:11     | Noticed a two-headed ogre
 10386 | D:11     | Reached *** piety under the Shining One
 10388 | D:11     | Killed a two-headed ogre
 10465 | D:11     | Found a staircase to the Lair.
 10483 | D:11     | Identified the +1 quarterstaff of Blood {elec, rF+}
 10660 | D:12     | Noticed a red ugly thing
 10670 | D:12     | Reached skill level 10 in Fighting
 10670 | D:12     | Killed a red ugly thing
 10671 | D:12     | Reached XP level 12. HP: 103/106 MP: 11/11
 10735 | D:12     | Reached skill level 14 in Maces & Flails
 10803 | D:12     | Noticed Kirke
 10813 | D:12     | Killed Kirke
 10837 | D:12     | Noticed a two-headed ogre
 10843 | D:12     | Killed a two-headed ogre
 11005 | D:12     | Found a shimmering altar of Xom.
 11030 | D:12     | Found Lish's Magic Scroll Shop.
 11145 | D:12     | Noticed a two-headed ogre
 11151 | D:12     | Killed a two-headed ogre
 11300 | D:12     | Bought a scroll of teleportation for 51 gold pieces
 11300 | D:12     | Bought 2 scrolls of teleportation for 102 gold pieces
 11300 | D:12     | Bought 3 scrolls of teleportation for 153 gold pieces
 11575 | D:13     | Noticed a vault guard
 11583 | D:13     | Killed a vault guard
 11584 | D:13     | Reached skill level 15 in Maces & Flails
 11584 | D:13     | Found the +8 longbow "Zephyr" {speed, Dex+3 SInv}
 11599 | D:13     | Found a gate to the Vaults.
 11820 | D:13     | Noticed a tengu warrior
 11822 | D:13     | Noticed a centaur warrior
 11836 | D:13     | HP: 1/110 [manticore (5)]
 11838 | D:13     | Killed a tengu warrior
 11838 | D:13     | Slain by a manticore

Illustrated notes

Levels and vault maps discovered:
D:1:      elethiomel_arrival_infinity_welcomes_careful_drivers,
          layout_loops_ring, minmay_pentomino_q4
D:2:      layout_loops_corners, basic_altar, dk_vineyard_1,
          minmay_misc_feat_roman
D:3:      layout_rooms, gammafunk_ghost_nasty_kobolds
D:4:      layout_basic, hangedman_abyss_or_decor_lesser_grid, uniq_edmund,
          uniq_pikel
D:5:      layout_layer_cave, minmay_temple_entry_large_hall, serial_bayou,
          serial_bayou_shore_b, serial_bayou_lake_a, serial_bayou_pond_a,
          serial_bayou_lagoon_a, nrook_campfire
D:6:      layout_basic, marbit_many_paths
D:7:      layout_loops_ring, sword_in_stone
D:8:      black_bear_nest_1, layout_loops_ring, dilly_guarded_unrand_devastator
D:9:      layout_roguey
D:10:     layout_irregular_city, nicolae_wu_jian_wuxing_cycle,
          grunt_temple_overflow_octagram, nicolae_trove_entry_diagonal,
          uniq_harold, uniq_joseph
D:11:     layout_cave_pools, grunt_lair_entry_orc_guard_hut, uniq_urug
D:12:     layout_rooms, serial_shops, nicolae_shop_window_shopping,
          xom_teletrap_fun, uniq_kirke
D:13:     layout_basic, david_vaults_5, uniq_azrael
Temple:   hellmonk_temple_divided_pantheon

Skill      XL: |  1  2  3  4  5  6  7  8  9 10 11 12 |
---------------+-------------------------------------+-----
Armour         | 4 5 6 8 9 10 | 10.6
Shields        | 4 5 6 8 9 11 13 | 13.1
Fighting       | 4 5 6 7 8 10 11 | 11.5
Maces & Flails | 3 5 6 8 10 12 13 15 | 15.0
Dodging        | 1 2 3 4 6 |  6.9
Stealth        | 1 2 3 |  3.2

Action                     |  1- 3 |  4- 6 |  7- 9 | 10-12 || total
---------------------------+-------+-------+-------+-------++-------
  Melee: Flail             |    82 |    34 |       |       ||   116
         Headbutt          |     9 |    22 |    60 |    75 ||   166
         Morningstar       |       |    86 |   321 |    51 ||   458
         Shillelagh        |       |       |       |   255 ||   255
 Invoke: Donate Gold       |       |       |     1 |       ||     1
    Use: Scroll            |     2 |     6 |     8 |     4 ||    20
         Potion            |       |     2 |     2 |     2 ||     6
 Armour: Scale mail        |    22 |       |       |       ||    22
         Chain mail        |    58 |    99 |   305 |     9 ||   471
         Acid dragon scale |       |       |       |   162 ||   162
  Dodge: Dodged            |    34 |    40 |   100 |   141 ||   315
  Block: Buckler           |    12 |       |       |       ||    12
         Kite shield       |     7 |    75 |   190 |   248 ||   520
